 Dungeon Crawl Stone Soup version 0.24-a0-140-gcaa6c10 (webtiles) character file.

Game seed: 13741172284312507633

179 Hybris the Sneak (level 5, -2/25 HPs)
             Began as a Spriggan Assassin on Mar 4, 2019.
             Slain by a scorpion (4 damage)
             ... on level 4 of the Dungeon.
             The game lasted 00:10:51 (4241 turns).

Hybris the Sneak (Spriggan Assassin)                Turns: 4241, Time: 00:10:52

Health: -2/25      AC:  3    Str:  5 (7)  XL:     5   Next: 33%
Magic:  6/6        EV: 26    Int: 11 (13) God:
Gold:   171        SH:  0    Dex: 22 (23) Spells: 4/4 levels left

rFire    . . .     SeeInvis +   a - +2 dagger
rCold    + . .     Gourm    .   (shield restricted)
rNeg     . . .     Faith    .   c - +0 robe
rPois    .         Spirit   .   (helmet restricted)
rElec    .         Reflect  .   x - +0 cloak
rCorr    .         Harm     .   (gloves unavailable)
MR       .....                  (boots unavailable)
Stlth    +++++.....             d - amulet of rage
HPRegen  0.08/turn              e - ring of protection from cold
MPRegen  0.10/turn              f - ring of wizardry

@: agile, lethally poisoned (-2 -> -6), flying, very slightly contaminated,
hasted, invisible, very quick
A: very small, unfitting armour, see invisible, herbivore, speed 3, slow
metabolism 2
a: Evoke Berserk Rage


You were on level 4 of the Dungeon.
You were very hungry.

You visited 1 branch of the dungeon, and saw 4 of its levels.

You collected 171 gold pieces.

Inventory:

Hand Weapons
 a - a +2 dagger (weapon)
 b - a +0 blowgun
Missiles
 v - 6 poisoned needles
 w - 2 curare-tipped needles
Armour
 c - a +0 robe (worn)
 x - a +0 cloak (worn)
Jewellery
 d - an amulet of rage (around neck)
 e - a ring of protection from cold (left hand)
 f - a ring of wizardry (right hand)
Scrolls
 j - 3 scrolls of magic mapping {unknown}
 l - 5 scrolls of identify {unknown}
 n - a scroll of fear {unknown}
 p - a scroll of immolation {unknown}
 r - 4 scrolls of remove curse {unknown}
 u - a scroll of enchant armour {unknown}
 y - a scroll of enchant weapon {unknown}
Potions
 o - a potion of berserk rage
Comestibles
 g - 8 rations


   Skills:
 - Level 1.5 Fighting
 * Level 5.2 Short Blades
 - Level 2.0 Throwing
 + Level 4.4 Dodging
 - Level 5.8 Stealth


You had 4 spell levels left.
You didn't know any spells.
Your spell library contained the following spells:

 Spells                   Type           Power        Failure   Level  Hunger
 Animate Skeleton         Necr           N/A          14%         1    ##.....
 Apportation              Tloc           #.....       14%         1    ##.....
 Confusing Touch          Hex            #.....       14%         1    ##.....
 Summon Small Mammal      Summ           #...         14%         1    ##.....


Dungeon Overview and Level Annotations

Branches:
Dungeon (4/15)
 Temple: D:4-7

Altars:


Innate Abilities, Weirdness & Mutations

You are very small and have problems with some larger weapons.
You are too small for most types of armour.
You have supernaturally acute eyesight. (SInv)
You are a herbivore.
You cover ground extremely quickly.
You need to consume almost no food.


Message History

It was a potion of degeneration.
There was something very wrong with that liquid.
You feel weakened.
You feel dopey.
You feel clumsy. The scorpion completely misses you.
It was a potion of invisibility.
You fade into invisibility!
* * * LOW HITPOINT WARNING * * *
You feel sick. The scorpion misses you.
You are very lightly contaminated with residual magic.
It was a potion of agility.
You feel agile all of a sudden.
* * * LOW HITPOINT WARNING * * *
You feel sick. The scorpion barely misses you.
It was a potion of flight.
You feel very buoyant.
You fly up into the air.
The scorpion misses you.
It was a potion of haste.
You feel yourself speed up.
* * * LOW HITPOINT WARNING * * *
You feel sick. The scorpion stings you.
You die...

.........##.######
.....####.#..##...#
......##.#.###.#.#
#......# #.#.#
#......###...#
#............#
#............#
##.....###...#
#.....# #.@.#
#####.# #.s.# #.#
#..=# ..# #...# ..
#####


You could see a scorpion.

Vanquished Creatures
  A howler monkey (D:3)
  A hound (D:4)
  2 adders
  A river rat (D:3)
  3 worms
  A dart slug (D:2)
  4 leopard geckos
  11 orcs (D:3)
  2 giant cockroaches
  3 goblins
  7 hobgoblins
  7 kobolds
  2 quokkas
  A ball python (D:1)
  7 bats
  3 frilled lizards
  8 rats
64 creatures vanquished.

Notes
Turn   | Place    | Note
-------+----------+-------------------------------------------
     0 | D:1      | Hybris the Spriggan Assassin began the quest for the Orb.
     0 | D:1      | Reached XP level 1. HP: 10/10 MP: 2/2
   599 | D:1      | Reached XP level 2. HP: 14/14 MP: 3/3
  1520 | D:2      | Reached XP level 3. HP: 16/18 MP: 4/4
  2414 | D:3      | Reached XP level 4. HP: 22/22 MP: 5/5
  3111 | D:3      | Found a faded altar of an unknown god.
  3866 | D:4      | Reached skill level 5 in Short Blades
  3866 | D:4      | Reached XP level 5. HP: 25/25 MP: 6/6
  4241 | D:4      | Slain by a scorpion

Levels and vault maps discovered:
D:1:      kennysheep_arrival_seaside, layout_loops_corners
D:2:      layout_rooms, first_ration
D:3:      layout_basic, chequers_ecumenical_altar_island,
          gup_sewer_entry_spiral, minmay_hedge_maze, interstate_on_off,
          minmay_misc_feat_chi
D:4:      layout_basic

Skill      XL: |  1  2  3  4 |
---------------+-------------+-----
Dodging        | 2 3 4 |  4.4
Short Blades   | 3 4 5 |  5.2
Fighting       | |  1.5
Throwing       | |  2.0
Stealth        | |  5.8

Action                   |  1- 3 |  4- 6 || total
-------------------------+-------+-------++-------
Melee: Dagger            |   135 |   180 ||   315
 Fire: Blowgun           |    29 |     8 ||    37
  Use: Potion            |       |     8 ||     8
 Stab: Sleeping          |     6 |     7 ||    13
       Distracted        |       |     1 ||     1
Armor: Robe              |     6 |    20 ||    26
Dodge: Dodged            |    92 |   139 ||   231

Table legend:
 A = Non-vault XP
 B = Vault XP
 C = Vault XP percentage of total XP
 D = Non-vault monster count
 E = Vault monster count
 F = Vault count percentage of total count
                 A         B        C        D         E       F
            +---------+---------+-------+---------+---------+-------
      Total |     226 |      31 |  12.1 |      58 |       6 |   9.4
            +---------+---------+-------+---------+---------+-------
        D:1 |      21 |       0 |   0.0 |      12 |       0 |   0.0
        D:2 |      33 |       0 |   0.0 |      16 |       0 |   0.0
        D:3 |     109 |      31 |  22.1 |      26 |       6 |  18.8
        D:4 |      63 |       0 |   0.0 |       4 |       0 |   0.0
            +---------+---------+-------+---------+---------+-------
